 Dungeon Crawl Stone Soup version 0.31.0-32-g396128a36d (webtiles) character file.

Game seed: 16931720196462762043

183 safid the Ruffian (level 5, 0/40 HPs)
             Began as a Draconian Shapeshifter on Mar 14, 2024.
             Killed from afar by an orc wizard (13 damage)
             ... with a puff of flame
             ... on level 4 of the Dungeon.
             The game lasted 00:03:10 (2597 turns).

safid the Ruffian (Draconian Shapeshifter)          Turns: 2597, Time: 00:03:11

Health: 0/40       AC:  5    Str: 19    XL:     5   Next: 35%
Magic:  5/5        EV: 12    Int: 10    God:
Gold:   89         SH:  0    Dex: 10    Spells: 4/4 levels left

rFire   . .          .
                       - Unarmed
rCold   . . .        (no shield)
rNeg    . . .        (body armour unavailable)
rPois   .            (helmet currently unavailable)
rElec   .            (cloak currently unavailable)
rCorr   .            (gloves currently unavailable)
SInv    .            (boots currently unavailable)
Will    .....        (no amulet)
Stlth   +            (no ring)
HPRegen 0.26/turn    (no ring)
MPRegen 0.09/turn

%: no passive effects
@: beast-form
A: beast (slay +2), AC +5, unfitting armour, cold-blooded
a: Begin Untransformation


You were on level 4 of the Dungeon.
You were a hulking beast.
You visited 1 branch of the dungeon, and saw 4 of its levels.

You collected 131 gold pieces.
You spent 42 gold pieces at shops.

Inventory:

Missiles
 m - 5 silver javelins (quivered)
Talismans
 b - a beast talisman
 c - a flux talisman
 e - a dragon-blood talisman
Scrolls
 d - a scroll of amnesia {unknown}
 f - 4 scrolls of identify
 h - a scroll of enchant weapon {unknown}
 i - 2 scrolls of teleportation {unknown}
 j - a scroll of fog {unknown}
 n - a scroll of fear {unknown}
Potions
 a - 2 potions of lignification
 k - 2 potions of heal wounds {unknown}
 l - a potion of might {unknown}


   Skills:
 + Level 1.5 Fighting
 - Level 2.0 Dodging
 + Level 4.6 Unarmed Combat
 * Level 4.4 Shapeshifting


You had 4 spell levels left.
You didn't know any spells.
Your spell library was empty.

Dungeon Overview and Level Annotations

Branches:
Dungeon (4/15)
 Temple: D:4-7

Altars:
Ashenzari
Cheibriados
Nemelex Xobeh

Shops:
D:2 (??

Annotations:
D:4 3 runed translucent doors, Fractals's ghost, novice TeFE; Pumpkin69's ghost, amateur OpFi; RockinRobin's ghost, amateur FoFi


Innate Abilities, Weirdness & Mutations

You are a hulking beast.
Your limbs bulge with bestial killing power. (Slay +2)
Your plain brown scales are hard. (AC +5)
You cannot fit into any form of body armour.
You are cold-blooded and may be slowed by cold attacks.


Message History

You feel sick. Something hits you but does no damage.
No target in view!
You feel sick.
You hear some strange, mumbled words.
You are confused.
Unknown command.
You feel sick.
You hear some strange, mumbled words.
You are more confused.
You feel sick. Something hits you.
You feel sick.
You hit something but do no damage.
You feel sick. Something hits you.
You feel sick.
You are no longer poisoned.
You hear a zap.
A puff of flame appears from out of thin air!
The puff of flame hits you.
You hear some strange, mumbled words.
A magic dart appears from out of thin air!
The magic dart hits you.
* * * LOW HITPOINT WARNING * * *
It was a potion of curing.
You feel better. Something hits you but does no damage.
You barely miss something.
Your tail-slap misses something.
You barely miss something.
Your tail-slap misses something.
You hear a zap.
A puff of flame appears from out of thin air!
The puff of flame hits you!
You miss something.
Your tail-slap misses something.
Something hits you but does no damage.
You hit something.
You hear a zap.
A puff of flame appears from out of thin air!
The puff of flame hits you!
* * * LOW HITPOINT WARNING * * *
You feel better.
You hear a zap.
A puff of flame appears from out of thin air!
The puff of flame hits you!
You die...

##........#...##.#
###....{.#.
######.....#....###......o...
#....###........#...>#..
#.<........#......##....
##..####.......### #.w..
...#............# #....
........##)....... #....
....##.###.#..##.# .....
.......h{)....... .....
.....####.#...... ....
#.#.##.#. ##.# ... . ...
....... # ......### .......#
##....... #........


There were no monsters in sight!

Vanquished Creatures
  An ogre (D:4)
  5 adders
  A ribbon worm (D:4)
  7 orcs
  An endoplasm (D:1)
  A giant cockroach (D:2)
  7 goblins
  3 hobgoblins (D:1)
  3 ball pythons
  3 bats
  2 frilled lizards (D:3)
  10 kobolds
  3 rats (D:1)
47 creatures vanquished.

Notes
Turn   | Place    | Note
-------+----------+-------------------------------------------
     0 | D:1      | safid the Draconian Shapeshifter began the quest for the
                  | Orb.
     0 | D:1      | Reached XP level 1. HP: 16/16 MP: 1/1
   317 | D:1      | Reached XP level 2. HP: 13/23 MP: 2/2
   817 | D:2      | Identified the +5 dagger of Qaprue {pain, +Blink}
  1018 | D:2      | Found Ygeit Enuro's Magic Scroll Shop.
  1026 | D:2      | Bought a scroll of identify for 28 gold pieces
  1026 | D:2      | Bought a scroll of noise for 14 gold pieces
  1114 | D:2      | Found Jienoazei's Antique Weapon Shop.
  1114 | D:2      | Found Kexito's Magic Scroll Boutique.
  1558 | D:3      | Reached XP level 3. HP: 19/28 MP: 3/3
  1628 | D:3      | Found a snail-covered altar of Cheibriados.
  1661 | D:3      | Found a sparkling altar of Nemelex Xobeh.
  1794 | D:3      | Found a broken altar of Ashenzari.
  1978 | D:3      | Reached XP level 4. HP: 35/35 MP: 4/4
  2390 | D:4      | Found a runed translucent gate.
  2390 | D:4      | Found a runed translucent gate.
  2390 | D:4      | Found a runed translucent gate.
  2390 | D:4      | Noticed RockinRobin's ghost (amateur FoFi)
  2390 | D:4      | Noticed Pumpkin69's ghost (amateur OpFi)
  2391 | D:4      | Noticed Fractals's ghost (novice TeFE)
  2518 | D:4      | Noticed an ogre
  2521 | D:4      | Killed an ogre
  2522 | D:4      | Reached XP level 5. HP: 40/40 MP: 5/5
  2597 | D:4      | Killed from afar by an orc wizard

Illustrated notes

Levels and vault maps discovered:
D:1:      amcnicky_arrival_choice, layout_basic
D:2:      layout_basic, serial_shops, shop, nicolae_shop_tiny_statue_garden,
          shop, hangedman_decor_lopped
D:3:      layout_basic, cheibrodos_ashenzari_chains, lemuel_round_altar,
          nicolae_overflow_hidden_temple, mainiacjoe_overflow_catwalk
D:4:      layout_rooms, nicolae_overflow_guarded_unrand_okawaru_victory,
          gammafunk_ghost_cemetery, uniq_edmund

Skill      XL: |  1  2  3  4 |
---------------+-------------+-----
Dodging        | 2 |  2.0
Shapeshifting  | 4 |  4.4
Unarmed Combat | 4 |  4.6
Fighting       | |  1.5

Action                     |  1- 3 |  4- 6 || total
---------------------------+-------+-------++-------
  Melee: Unarmed           |   115 |    37 ||   152
         Tailslap          |    14 |     2 ||    16
         Punch             |     3 |       ||     3
  Throw: Javelin           |       |     3 ||     3
    Use: Potion            |       |     2 ||     2
 Armour: Skin              |    55 |    39 ||    94
  Dodge: Dodged            |    60 |    19 ||    79
